 Dungeon Crawl Stone Soup version 0.30-a0-956-gcec3b41aec (webtiles) character file.

Game seed: 9717797513842222312

35 HoaS the Shooter (level 3, -1/27 HPs)
             Began as a Formicid Hunter on Mar 30, 2023.
             Slain by a water moccasin (6 damage)
             ... on level 7 of the Dungeon.
             The game lasted 00:02:14 (1129 turns).

HoaS the Shooter (Formicid Hunter)                  Turns: 1129, Time: 00:02:15

Health: -1/27      AC:  3    Str: 15    XL:     3   Next: 52%
Magic:  3/3        EV: 12    Int:  8    God:
Gold:   137        SH:  0    Dex: 19    Spells: 2/2 levels left

rFire   . . .      SeeInvis +    a - +0 shortbow (flame)
rCold   . . .      Faith    .    (no shield)
rNeg    . . .      Spirit   .    c - +0 leather armour
rPois   .          Reflect  .    (helmet unavailable)
rElec   .          Rampage  .    (no cloak)
rCorr   .                        (no gloves)
Will    .....                    (no boots)
Stlth   ++                       (no amulet)
HPRegen 0.24/turn                (no ring)
MPRegen 0.08/turn                (no ring)

@: lethally poisoned (-1 -> -19)
A: permanent stasis, dig shafts and tunnels, antennae 3, four strong arms
a: Dig, Shaft Self


You were on level 7 of the Dungeon.
You visited 1 branch of the dungeon, and saw 4 of its levels.

You collected 137 gold pieces.

Inventory:

Hand Weapons
 a - a +0 shortbow of flaming (weapon)
Armour
 c - a +0 leather armour (worn)
Scrolls
 b - a scroll of immolation
Potions
 f - 2 potions of curing {unknown}
 g - a potion of might {unknown}
 h - a potion of haste {unknown}


   Skills:
 - Level 2.1 Fighting
 + Level 5.1 Ranged Weapons
 - Level 1.7 Dodging
 - Level 1.2 Stealth


You had 2 spell levels left.
You didn't know any spells.
Your spell library contained the following spells:

 Spells                   Type           Power      Damage    Failure   Level
 Ignite Poison            Fire/Tmut/Pois 0%         N/A       85%         3
 Kindle Blastsparks       Fire/Tloc/Air  0%         2d10      85%         3
 Freezing Cloud           Conj/Ice/Air   0%         6-21      100%        5


Dungeon Overview and Level Annotations

Branches:
Dungeon (2/15)

Altars:


Innate Abilities, Weirdness & Mutations

You cannot be hasted, slowed, berserked, paralysed or teleported.
You can dig through walls and to a lower floor.
You have a pair of large antennae on your head. (SInv)
Your four strong arms can wield two-handed weapons with a shield.


Message History

You now have 137 gold pieces (gained 14).
An orc priest comes into view. It is wielding a +2 dagger of draining.
You shoot an arrow.
The arrow hits the orc priest but does no damage.
The orc priest shouts!
You hear a shout!
An orc comes into view. It is wielding a +0 flail.
The orc priest casts a cantrip, but nothing happens.
You shoot an arrow.
The arrow closely misses the orc priest.
A water moccasin comes into view.
You shoot an arrow. The arrow hits the water moccasin.
The arrow burns the water moccasin.
The water moccasin is lightly wounded.
The orc priest looks braver for a moment.
You shoot an arrow. The arrow misses the water moccasin.
You shoot an arrow.
The arrow barely misses the water moccasin.
The orc priest miscasts a cantrip.
You shoot an arrow. The arrow hits the water moccasin!
The arrow burns the water moccasin.
The water moccasin is heavily wounded.
The water moccasin completely misses you.
The water moccasin barely misses you.
You shoot an arrow. The arrow hits the water moccasin.
The arrow burns the water moccasin.
The water moccasin is severely wounded.
The water moccasin misses you. The water moccasin bites you.
You are poisoned.
The water moccasin poisons you! The orc misses you.
You shoot an arrow.
The arrow barely misses the water moccasin.
You feel very sick. The water moccasin bites you.
You are lethally poisoned!
The water moccasin poisons you!
The orc priest mumbles some strange prayers to Beogh against you.
Beogh smites you!
* * * LOW HITPOINT WARNING * * *
The orc barely misses you. The water moccasin bites you.
You die...

###########
#.......o.# o
#.......S@#
.)##.......o.#
.............#
.............#
.........#####
.........#
.........#
#.....####
####.#


You could see a water moccasin, an orc priest and an orc.

Vanquished Creatures
  3 orcs
  2 ball pythons (D:1)
  2 bats (D:1)
  5 endoplasms (D:1)
  2 giant cockroaches (D:1)
  2 goblins (D:1)
  2 hobgoblins (D:1)
  4 kobolds (D:1)
  A quokka (D:1)
  4 frilled lizards (D:1)
  A rat (D:1)
28 creatures vanquished.

Notes
Turn   | Place    | Note
-------+----------+-------------------------------------------
     0 | D:1      | HoaS the Formicid Hunter began the quest for the Orb.
     0 | D:1      | Reached XP level 1. HP: 16/16 MP: 1/1
    81 | D:1      | Reached XP level 2. HP: 22/22 MP: 2/2
   380 | D:1      | Reached XP level 3. HP: 27/27 MP: 3/3
   471 | D:1      | Reached skill level 5 in Ranged Weapons
   774 | D:2      | You fall into a shaft and drop 2 floors!
   991 | D:4      | You fall into a shaft and drop 3 floors!
  1123 | D:7      | Noticed a water moccasin
  1129 | D:7      | Slain by a water moccasin

Illustrated notes

Levels and vault maps discovered:
D:1:      saegor_arrival_fortress, layout_basic, minmay_misc_feat_diagonals
D:2:      layout_basic
D:4:      layout_layer_cave, grunt_temple_overflow_lords_of_destruction
D:7:      layout_basic, uniq_joseph

Skill      XL: |  1  2  3 |
---------------+----------+-----
Ranged Weapons | 5 |  5.1
Fighting       | |  2.1
Dodging        | |  1.7
Stealth        | |  1.2

Action                     || total
---------------------------++-------
   Fire: Shortbow          ||    83
Ability: Shaft Self        ||     1
    Use: Scroll            ||     2
 Armour: Leather armour    ||     8
  Dodge: Dodged            ||    25

Table legend: (Time is in decaauts)
 A = Elapsed time spent in this place.
 B = Non-inter-level travel time spent in this place.
 C = Inter-level travel time spent in this place.
 D = Time resting spent in this place.
 E = Time spent auto-exploring this place.
 F = Levels seen in this place.
 G = Mean time per level.
                   A        B        C        D        E       F      G
               +--------+--------+--------+--------+--------+-----+--------+
         Total |   1153 |   1121 |     32 |    211 |    720 |   4 |  288.2 |
       Dungeon |   1153 |   1121 |     32 |    211 |    720 |   4 |  288.2 |
               +--------+--------+--------+--------+--------+-----+--------+

Top non-repeatable levels by time:
     D:1: 768 daAuts
     D:4: 218 daAuts
     D:7: 140 daAuts
     D:2: 26 daAuts
